 Dungeon Crawl Stone Soup version 0.27.1-1-g398f81649c (webtiles) character file.

Game seed: 5983398170559352960

78 LowPressure the Skirmisher (level 4, 0/32 (35) HPs)
             Began as a Demonspawn Abyssal Knight on Sept 18, 2021.
             Was a Believer of Lugonu.
             Slain by Crazy Yiuf (1 damage)
             ... on level 2 of the Dungeon.
             The game lasted 00:06:09 (2663 turns).

LowPressure the Skirmisher (DsAK)                   Turns: 2663, Time: 00:06:10

HP:   0/32 (35)     AC:  8    Str: 12    XL:     4   Next: 15%
MP:   4/5           EV: 11    Int: 13    God:    Lugonu [**....]
Gold: 96            SH:  0    Dex: 14    Spells: 3/3 levels left

rFire    . . .     SeeInvis .   a - +1 spear
rCold    . . .     Faith    .   (no shield)
rNeg     . . .     Spirit   .   b - +0 leather armour
rPois    .         Reflect  .   (no helmet)
rElec    .         Harm     .   d - +0 cloak
rCorr    .         Rampage  .   (no gloves)
Will     .....                  (no boots)
Stlth    +.........             (no amulet)
HPRegen  0.10/turn              f - +4 ring of protection
MPRegen  0.09/turn              (no ring)

@: drained
A: ignite blood 1, demonic magic 1
a: Renounce Religion, Depart the Abyss, Bend Space


You were on level 2 of the Dungeon.
You worshipped Lugonu.
Lugonu was pleased with you.
You visited 1 branch of the dungeon, and saw 2 of its levels.
You visited the Abyss 1 time.

You collected 96 gold pieces.

Inventory:

Hand Weapons
 a - a +1 spear (weapon)
Armour
 b - a +0 leather armour (worn)
 d - a +0 cloak (worn)
Jewellery
 f - a +4 ring of protection (left hand)
Scrolls
 e - a scroll of amnesia {unknown}
 g - a scroll of identify {unknown}
 h - a scroll of summoning {unknown}
 i - a scroll of enchant armour {unknown}
Potions
 c - a potion of ambrosia {unknown}


   Skills:
 + Level 3.5 Fighting
 + Level 3.2 Polearms
 + Level 2.1 Armour
 + Level 1.1 Dodging
 + Level 0.3 Stealth
 + Level 2.5 Invocations


You had 3 spell levels left.
You didn't know any spells.
Your spell library was empty.

Dungeon Overview and Level Annotations

Branches:
Dungeon (2/15)

Altars:
Qazlal

Shops:
D:2 [(!

Annotations:
D:2 Crazy Yiuf


Innate Abilities, Weirdness & Mutations

Your demonic aura sometimes causes spilled blood to erupt in flames.
Spells you cast may paralyse adjacent enemies.


Message History

You see here a quokka corpse.
There is an open door here.
There is an open door here.
Things that are here:
a +0 dagger; 5 stones
There is an open door here.
As you open the door, it creaks loudly!
There is an open door here.
There is an open door here.
There is an open door, spattered with blood here.
You open the door.
There is an open door here.
There is an open door here.
You open the door.
There is an open door here.
You see here 16 arrows.
You open the door.
There is an open door here.
There is an entrance to Welec's Armour Emporium here.
You see here a +0 mace.
Crazy Yiuf shouts!
Crazy Yiuf yells, "Leather!
Defame agre sow."
You open the door. You hit Crazy Yiuf.
Crazy Yiuf is moderately wounded.
Crazy Yiuf laughs, "Candle water verde!"
Crazy Yiuf drinks a potion.
Crazy Yiuf goes berserk!
You hit Crazy Yiuf but do no damage.
Crazy Yiuf is moderately wounded.
Crazy Yiuf hits you with a +4 quarterstaff of chaos!!
Ouch! That really hurt!
You feel drained. Crazy Yiuf barely misses you. Space bends around you!
You blink.
You see here a +0 mace.
You hit Crazy Yiuf but do no damage.
Crazy Yiuf is heavily wounded.
Crazy Yiuf hits you with a +4 quarterstaff of chaos!
* * * LOW HITPOINT WARNING * * *
You feel drained.
You die...

###.)####.####.###
##)# #.# #.#
####.## #.# #.#
......###.# #.##
........#.# #..##
......#.#.# #...##
..........# #...)#
..........# ##..##
.......#..# ♣..@)♣
######..#.# ♣♣.g.♣
##.#.# ♣♣.♣♣ #...#
♣♣.♣ ##..# ♣.♣♣
#..# ♣♣.♣ #..#
♣g♣♣ #..# #'#
########..# ...


You could see Crazy Yiuf (berserk).

Vanquished Creatures
  An adder (D:2)
  A worm (D:2)
  4 dart slugs (D:1)
  7 endoplasms
  4 giant cockroaches
  8 goblins
  6 hobgoblins
  4 quokkas
  2 ball pythons
  5 bats
  A frilled lizard (D:1)
  6 kobolds
  5 rats
54 creatures vanquished.

Notes
Turn   | Place    | Note
-------+----------+-------------------------------------------
     0 | Abyss:1  | LowPressure the Demonspawn Abyssal Knight began the quest
                  | for the Orb.
     0 | Abyss:1  | Reached XP level 1. HP: 18/18 MP: 2/2
    27 | D:1      | Escaped the Abyss
   185 | D:1      | Found a faded altar of an unknown god.
   351 | D:1      | Gained mutation: Your demonic aura sometimes causes spilled
                  | blood to erupt in flames. [demonic ancestry]
   351 | D:1      | Reached XP level 2. HP: 6/24 MP: 3/3
   352 | D:1      | HP: 1/24 [kobold (2)]
  1070 | D:1      | Gained mutation: Spells you cast may paralyse adjacent
                  | enemies. [demonic ancestry]
  1070 | D:1      | Reached XP level 3. HP: 29/29 MP: 4/4
  1127 | D:1      | Reached ** piety under Lugonu
  1136 | D:1      | Reached skill level 1 in Dodging
  1422 | D:2      | Found Welec's Armour Emporium.
  1451 | D:2      | Found Vettuhegg's Weapon Shop.
  1522 | D:2      | Found Teob Nugh's Distillery.
  1767 | D:2      | Found a runed translucent door.
  1768 | D:2      | Noticed Crazy Yiuf
  2053 | D:2      | Found a stormy altar of Qazlal.
  2070 | D:2      | Reached XP level 4. HP: 20/35 MP: 5/5
  2663 | D:2      | HP: 1/33 [Crazy Yiuf (9)]
  2663 | D:2      | Slain by Crazy Yiuf

Illustrated notes

Levels and vault maps discovered:
D:1:      nzn_arrival_crosshair, layout_rooms, chequers_ecumenical_altar_grove,
          minmay_hexomino_p4
D:2:      minmay_chambers_of_ones, layout_basic, serial_shops,
          nicolae_shop_crystal, shop, nicolae_shop_trees, basic_altar,
          kennysheep_path_1, chequers_hall_statues_y, uniq_crazy_yiuf_cottage

Skill      XL: |  1  2  3 |
---------------+----------+-----
Polearms       | 2 3 |  3.2
Armour         | 2 |  2.1
Dodging        | 1 |  1.1
Fighting       | |  3.5
Stealth        | |  0.3
Invocations    | |  2.5

Action                   |  1- 3 |  4- 6 || total
-------------------------+-------+-------++-------
Melee: Spear             |   161 |    28 ||   189
Invok: Bend Space        |       |     1 ||     1
  Use: Potion            |     1 |       ||     1
 Stab: Distracted        |     1 |       ||     1
Armor: Leather armour    |    49 |    11 ||    60
       Skin              |     3 |       ||     3
Dodge: Dodged            |    83 |    14 ||    97
